 Dungeon Crawl Stone Soup version 0.26.1-10-gdfb7c7de75 (webtiles) character file.

Game seed: 9849925753915133828

173 CrazyMind the Scholar of Death (level 5, -8/28 HPs)
             Began as a Deep Elf Necromancer on Apr 10, 2021.
             Was a Follower of Kikubaaqudgha.
             Shot with an arrow by a centaur (11 damage)
             ... on level 3 of the Dungeon.
             The game lasted 00:17:30 (3888 turns).

CrazyMind the Scholar of Death (DENe)               Turns: 3888, Time: 00:17:30

Health: -8/28      AC:  2    Str:  5    XL:     5   Next: 28%
Magic:  9/14       EV: 13    Int: 21    God:    Kikubaaqudgha [*.....]
Gold:   88         SH:  0    Dex: 15    Spells: 4/13 levels left

rFire    . . .     SeeInvis .   s - +0 spear
rCold    . . .     Faith    .   (no shield)
rNeg     . . .     Spirit   .   a - +0 robe
rPois    +         Reflect  .   (no helmet)
rElec    .         Harm     .   (no cloak)
rCorr    .         Rampage  .   (no gloves)
Will     .....                  (no boots)
Stlth    ++........             (no amulet)
HPRegen  0.09/turn              o - ring of poison resistance
MPRegen  0.14/turn              (no ring)

@: no status effects
A: no striking features
a: Renounce Religion, Receive Corpses


You were on level 3 of the Dungeon.
You worshipped Kikubaaqudgha.
Kikubaaqudgha was aware of your devotion.
You visited 1 branch of the dungeon, and saw 3 of its levels.

You collected 88 gold pieces.

Inventory:

Hand Weapons
 h - a +0 short sword
 q - a +0 dagger of protection
 s - a +0 spear (weapon)
Missiles
 b - 29 bolts
 c - 106 stones
 i - 46 arrows
 j - 89 sling bullets
 n - 11 poisoned darts
Armour
 a - a +0 robe (worn)
 r - a +0 leather armour
Jewellery
 o - a ring of poison resistance (left hand)
Scrolls
 e - a scroll of remove curse {unknown}
 f - a scroll of identify {unknown}
 k - a scroll of enchant weapon {unknown}
 l - a scroll of enchant armour {unknown}
 m - a scroll of fog {unknown}
 p - a scroll of teleportation {unknown}
Potions
 d - a potion of might {unknown}
 g - a potion of brilliance {unknown}


   Skills:
 + Level 2.6 Dodging
 - Level 2.4 Stealth
 + Level 4.8 Spellcasting
 * Level 7.1 Necromancy


You had 4 spell levels left.
You knew the following spells:

 Your Spells              Type           Power        Failure   Level
a - Pain                  Necr           100%         1%          1
b - Animate Skeleton      Necr           68%          1%          1
c - Vampiric Draining     Necr           17%          1%          3
d - Animate Dead          Necr           17%          6%          4

Your spell library contained the following spells:

 Spells                   Type           Power        Failure   Level
 Sublimation of Blood     Necr           17%          1%          2
 Corpse Rot               Necr/Air       N/A          3%          2
 Agony                    Necr           34%          17%         5


Dungeon Overview and Level Annotations

Branches:
Dungeon (3/15)

Altars:
Kikubaaqudgha


Message History

The centaur writhes in agony.
The centaur shoots an arrow.
The arrow barely misses you.
Aiming: Pain (safe; 1% risk of failure)
Press: ? - help, Q - select action, (/) - cycle Shift-Dir - straight line, f/p - centaur
Aim: a centaur, wielding a +0 shortbow and quivering 5 arrows (heavily wounded, chance to affect: 84%)
The centaur writhes in agony.
The centaur shoots an arrow.
The arrow misses you.
Aiming: Pain (safe; 1% risk of failure)
Press: ? - help, Q - select action, (/) - cycle Shift-Dir - straight line, f/p - centaur
Aim: a centaur, wielding a +0 shortbow and quivering 4 arrows (severely wounded, chance to affect: 84%)
The centaur writhes in agony.
The centaur shoots an arrow.
The arrow closely misses you.
The centaur shoots an arrow.
The arrow barely misses you.
Aiming: Pain (safe; 1% risk of failure)
Press: ? - help, Q - select action, (/) - cycle Shift-Dir - straight line, f/p - centaur
Aim: a centaur, wielding a +0 shortbow and quivering 2 arrows (almost dead, chance to affect: 84%)
The centaur writhes in agony.
The centaur shoots an arrow.
The arrow hits you!
You die...
Kikubaaqudgha rasps: "You have failed me!
Welcome... death!"

### #.+
########.#
##.....#..#
#..(..>..<######
.........(.....#.
........(@.......
........().....##
...............#
......)........#
#.......c....$##
?......#.....##
........#####
........#
........#


You could see a centaur.

Vanquished Creatures
  A gnoll (D:1)
  8 adders (D:2)
  4 worms (D:2)
  3 dart slugs
  A leopard gecko (D:1)
  4 orcs
  2 giant cockroaches
  10 hobgoblins
  11 jackals
  A quokka (D:2)
  3 bats
  4 frilled lizards
  6 goblins
  2 kobolds (D:2)
  A quokka skeleton (D:2)
  5 rats
66 creatures vanquished.

Vanquished Creatures (collateral kills)
  An orc (D:2)
  A jackal (D:1)
  A kobold (D:2)
3 creatures vanquished.

Grand Total: 69 creatures vanquished

Notes
Turn   | Place    | Note
-------+----------+-------------------------------------------
     0 | D:1      | CrazyMind the Deep Elf Necromancer began the quest for the
                  | Orb.
     0 | D:1      | Reached XP level 1. HP: 10/10 MP: 6/6
   204 | D:1      | Reached skill level 5 in Necromancy
   491 | D:1      | Reached XP level 2. HP: 14/15 MP: 6/8
   493 | D:1      | Learned a level 1 spell: Animate Skeleton
  1106 | D:1      | Reached XP level 3. HP: 15/19 MP: 5/9
  1112 | D:1      | Learned a level 3 spell: Vampiric Draining
  1307 | D:1      | Reached skill level 6 in Necromancy
  1888 | D:2      | Reached XP level 4. HP: 20/24 MP: 7/11
  2062 | D:2      | Found an ancient bone altar of Kikubaaqudgha.
  2070 | D:2      | Became a worshipper of Kikubaaqudgha
  2761 | D:2      | Reached XP level 5. HP: 27/28 MP: 11/13
  2773 | D:2      | Learned a level 4 spell: Animate Dead
  2960 | D:2      | Reached skill level 7 in Necromancy
  3432 | D:2      | Reached * piety under Kikubaaqudgha
  3432 | D:2      | Identified Kikubaaqudgha's Grimoire of Dark Magic
                  | (Kikubaaqudgha gifted it to you on level 2 of the Dungeon)
  3432 | D:2      | Received a gift from Kikubaaqudgha
  3570 | D:3      | Noticed a centaur
  3888 | D:3      | Shot with an arrow by a centaur

Illustrated notes

Levels and vault maps discovered:
D:1:      dpeg_arrival_castle, layout_loops_ring
D:2:      minmay_recursive_quarters, layout_loops_ring,
          overflow_temple_1_default
D:3:      layout_rooms, kennysheep_slug_shrine, serial_rivers,
          chequers_serial_rivers_micro_a, chequers_serial_rivers_room_b,
          chequers_serial_rivers_micro_a, chequers_serial_rivers_micro_d,
          chequers_serial_rivers_small_3, chequers_serial_rivers_room_b,
          gammafunk_ghost_smash

Skill      XL: |  1  2  3  4  5 |
---------------+----------------+-----
Necromancy     | 5 6 7 |  7.1
Spellcasting   | 4 |  4.8
Dodging        | |  2.6
Stealth        | |  2.4

Action                   |  1- 3 |  4- 6 || total
-------------------------+-------+-------++-------
Melee: Club              |     1 |       ||     1
       Short sword       |     1 |     4 ||     5
 Cast: Pain              |    56 |    71 ||   127
       Animate Skeleton  |     8 |     1 ||     9
       Animate Dead      |       |     3 ||     3
 Stab: Sleeping          |     1 |     3 ||     4
Armor: Robe              |     6 |     1 ||     7
Dodge: Dodged            |    14 |    37 ||    51
